 Dungeon Sprint DCSS version 0.27-a0-695-gb4952372f7 (webtiles) character file.

Game seed: 6098188663563674698

30039 mhtbhm the Peltast (level 13, -9/119 HPs)
             Began as a Formicid Fighter on Mar 21, 2021.
             Was the Champion of Okawaru.
             Mangled by a merfolk
             ... wielding a +2 vorpal halberd
              (13 damage)
             ... in the Dungeon (Sprint VII: "The Pits").
             The game lasted 00:11:34 (5282 turns).

mhtbhm the Peltast (Formicid Fighter)               Turns: 5282, Time: 00:11:35

Health: -9/119     AC: 30    Str: 25    XL:     13   Next: 85%
Magic:  14/15      EV: 11    Int:  9    God:    Okawaru [******]
Gold:   30         SH: 18    Dex: 10    Spells: 12/12 levels left

rFire    + . .     SeeInvis +   z - +4 battleaxe (drain)
rCold    + . .     Faith    .   c - +0 kite shield
rNeg     . . .     Spirit   .   b - +3 plate armour
rPois    +         Reflect  .   (helmet unavailable)
rElec    +         Harm     .   y - +0 cloak
rCorr    +         Rampage  .   (no gloves)
Will     +....                  (no boots)
Stlth    ..........             (no amulet)
HPRegen  0.29/turn              l - +3 ring of protection
MPRegen  0.14/turn              m - +3 ring of protection

@: resistant, heroic, studying Maces & Flails
A: permanent stasis, dig shafts and tunnels, antennae 3, four strong arms
a: Dig, Renounce Religion, Heroism, Finesse


You were in the Dungeon.
You worshipped Okawaru.
Okawaru was exalted by your worship.
You visited 1 branch You collected 30 gold pieces.

Inventory:

Hand Weapons
 a - a +1 vorpal broad axe
 z - a +4 battleaxe of draining (weapon)
Missiles
 d - 12 javelins
 k - 5 atropa-tipped darts (quivered)
 p - a curare-tipped dart
Armour
 b - a +3 plate armour (worn)
 c - a +0 kite shield (worn)
 e - a scarf of shadows
 y - a +0 cloak (worn)
Jewellery
 l - a +3 ring of protection (right hand)
 m - a +3 ring of protection (left hand)
 v - a ring of ice
 w - a ring of positive energy
Scrolls
 i - 5 scrolls of amnesia
 j - a scroll of summoning
 q - 4 scrolls of identify
 s - 4 scrolls of enchant weapon
 t - 2 scrolls of enchant armour
 u - a scroll of fear
Potions
 g - 4 potions of magic
 h - a potion of invisibility
 n - a potion of resistance
 o - a potion of mutation
Miscellaneous
 r - a phantom mirror
 x - a box of beasts


   Skills:
 + Level 16.9(21.9) Fighting
 + Level 19.5(24.5) Axes
 + Level 0.6(5.6) Throwing
 + Level 16.0(21.0) Armour
 + Level 4.7(9.7) Dodging
 + Level 3.5(8.5) Stealth
 + Level 20.1(25.1) Shields
 + Level 3.4 Invocations


You had 12 spell levels left.
You didn't know any spells.
Your spell library contained the following spells:

 Spells                   Type           Power      Damage    Failure   Level
 Corona                   Hex            0%         N/A       89%         1
 Slow                     Hex            0%         N/A       96%         2
 Gell's Gravitas          Tloc           0%         N/A       99%         3
 Inner Flame              Hex/Fire       0%         N/A       99%         3
 Lesser Beckoning         Tloc           0%         N/A       99%         3
 Portal Projectile        Hex/Tloc       0%         N/A       99%         3
 Teleport Other           Tloc           0%         N/A       99%         3
 Cause Fear               Hex            0%         N/A       100%        4
 Leda's Liquefaction      Hex/Erth       0%         N/A       100%        4
 Manifold Assault         Tloc           0%         N/A       100%        4
 Blink                    Tloc           Unusable   N/A       N/A         2

Dungeon Overview and Level Annotations

Branches:
Dungeon (1/1)

Altars:
Ashenzari
Cheibriados
Dithmenos
Elyvilon
Fedhas
Gozag
Hepliaklqana
Kikubaaqudgha
Makhleb
Nemelex Xobeh
Okawaru
Qazlal
Ru
Sif Muna
Trog
Uskayaw
Vehumet
Wu Jian
Xom
Yredelemnul
Zin
The Shining One
Beogh
Jiyva
Lugonu


Innate Abilities, Weirdness & Mutations

You cannot be hasted, slowed, berserked, paralysed or teleported.
You can dig through walls and to a lower floor.
You have a pair of large antennae on your head. (SInv)
Your four strong arms can wield two-handed weapons with a shield.


Message History

Something appears at your feet!
You see here a +4 battleaxe of draining.
Okawaru grants you a weapon!
You hear a shout!
A merfolk comes into view. It is wielding a +2 vorpal halberd.
You block the merfolk's attack.
You hear a shout!
z - a +4 battleaxe of draining You block the merfolk's attack.
You sense an unholy aura.
z - a +4 battleaxe of draining (weapon)
A spriggan air mage comes into view.
The spriggan air mage shouts!
The spriggan air mage waves its arms in wide circles.
The air twists around and strikes you!
* * * LOW HITPOINT WARNING * * *
The merfolk misses you. You block the merfolk's attack.
You hear a deafening roar!
There is an open door, spattered with blood here.
Items here: ( )) †.
Unknown command.
You hear a roar!
You hear a bark!
The merfolk hits you but does no damage.
You block the merfolk's attack.
Unknown command.
You feel better. You block the merfolk's attack.
The merfolk hits you but does no damage.
The spriggan air mage hits you but does no damage.
Unknown command.
You barely miss the spriggan air mage. You miss the merfolk.
You block the merfolk's attack.
The merfolk hits you with a +2 vorpal halberd!
* * * LOW HITPOINT WARNING * * *
x2 The spriggan air mage waves its arms in wide circles.
The air twists around and strikes you!
* * * LOW HITPOINT WARNING * * *
You barely miss the spriggan air mage. You hit the merfolk but do no damage.
You drain the merfolk. You block the merfolk's attack.
The merfolk hits you with a +2 vorpal halberd!
You die... ################### {{{{ #.................. {{{{ #.................. {{{{ #..################ {{{{ #..##c# { { {# {{{{ #..#m# { { { { { # {{{{{{{ #.mi#{ { { { { { {# {{{{{{{ #.@#.#{ { { { { { # {{{{{{{

#..##.#{ { { { {# #..# ## #
#############...
#_________.##....
#_________.#######
#_______...###########++#######
##########'##................##
#.?(!')))'.##......#..#......##


You could see 2 merfolk, a spriggan air mage (repels missiles) and a centaur.

Vanquished Creatures
  A pandemonium lord (D)
  A balrug (D)
  An emperor scorpion (D)
  An orc warlord (D)
  A draconian stormcaller (D)
  A vampire knight (D)
  A minotaur (D)
  An eidolon (D)
  A merfolk impaler (D)
  A merfolk avatar (D)
  A merfolk aquamancer (D)
  A two-headed ogre (D)
  2 sea snakes (D)
  A deep troll (D)
  An unseen horror (D)
  2 orc sorcerers (D)
  A phantasmal warrior (D)
  3 harpies (D)
  2 wolf spiders (D)
  A deep elf pyromancer (D)
  A cyclops (D)
  An elephant (D)
  A smoke demon (D)
  A molten gargoyle (D)
  A gargoyle (D)
  A black mamba (D)
  A hellion (D)
  A freezing wraith (D)
  A kobold demonologist (D)
  An efreet (D)
  An ice devil (D)
  A guardian mummy (D)
  3 merfolk (D)
  A red devil (D)
  A tyrant leech (D)
  5 blink frogs (D)
  5 slime creatures (D)
  4 dream sheep (D)
  A ynoxinul (D)
  A redback (D)
  2 wraiths (D)
  2 spriggans (D)
  A wyvern (D)
  2 tarantellas (D)
  3 yaks (D)
  A chaos spawn (D)
  3 water elementals (D)
  A steam dragon (D)
  2 wargs (D)
  2 ice beasts (D)
  2 floating eyes (D)
  A sky beast (D)
  10 wolves (D)
  An ogre (D)
  3 kobold brigands (D)
  2 gnoll sergeants (D)
  A bullfrog (D)
  5 wights (D)
  A quasit (D)
  5 orc priests (D)
  A gnoll shaman (D)
  A hound (D)
  3 orc wizards (D)
  A worker ant (D)
  12 gnolls (D)
  2 adders (D)
  3 ufetubi (D)
  An ooze (D)
  A worm (D)
  9 orcs (D)
  A goblin (D)
  6 kobolds (D)
  A bat (D)
150 creatures vanquished.

Notes
Turn   | Place    | Note
-------+----------+-------------------------------------------
     0 | D        | mhtbhm the Formicid Fighter began the quest for the Orb.
     0 | D        | Reached XP level 1. HP: 18/18 MP: 1/1
    46 | D        | Found a bloodstained altar of Trog.
    46 | D        | Found a shimmering blue altar of Sif Muna.
    46 | D        | Found a viscous altar of Jiyva.
    46 | D        | Found a hazy altar of Hepliaklqana.
    46 | D        | Found an opulent altar of Gozag.
    47 | D        | Found a glowing golden altar of the Shining One.
    47 | D        | Found a glowing silver altar of Zin.
    47 | D        | Found a basalt altar of Yredelemnul.
    47 | D        | Found a shimmering altar of Xom.
    47 | D        | Found an ornate altar of the Wu Jian Council.
    47 | D        | Found a sacrificial altar of Ru.
    47 | D        | Found a stormy altar of Qazlal.
    47 | D        | Found an iron altar of Okawaru.
    47 | D        | Found a sparkling altar of Nemelex Xobeh.
    47 | D        | Found a burning altar of Makhleb.
    47 | D        | Found a blossoming altar of Fedhas.
    47 | D        | Found a white marble altar of Elyvilon.
    47 | D        | Found a shadowy altar of Dithmenos.
    47 | D        | Found a snail-covered altar of Cheibriados.
    49 | D        | Found a radiant altar of Vehumet.
    49 | D        | Found a corrupted altar of Lugonu.
    50 | D        | Found a hide-covered altar of Uskayaw.
    50 | D        | Found an ancient bone altar of Kikubaaqudgha.
    50 | D        | Found a broken altar of Ashenzari.
    55 | D        | Became a worshipper of Warmaster Okawaru
    69 | D        | Noticed a floating eye
    73 | D        | Killed a floating eye
    73 | D        | Reached * piety under Okawaru
    74 | D        | Reached skill level 6 in Shields
    74 | D        | Reached XP level 2. HP: 28/28 MP: 2/2
    74 | D        | Reached XP level 3. HP: 34/34 MP: 3/3
    74 | D        | Reached XP level 4. HP: 40/40 MP: 4/4
    74 | D        | Reached XP level 5. HP: 46/46 MP: 5/5
    93 | D        | Reached skill level 7 in Shields
   118 | D        | Noticed a floating eye
   119 | D        | Noticed an ogre
   138 | D        | Killed a floating eye
   138 | D        | Reached ** piety under Okawaru
   139 | D        | Reached skill level 8 in Shields
   139 | D        | Reached XP level 6. HP: 22/56 MP: 6/6
   146 | D        | Killed an ogre
   147 | D        | Reached skill level 5 in Axes
   147 | D        | Reached skill level 9 in Shields
   367 | D        | Reached XP level 7. HP: 44/63 MP: 7/7
   431 | D        | Reached *** piety under Okawaru
   432 | D        | Reached skill level 10 in Armour
   432 | D        | Reached skill level 1 in Dodging
   432 | D        | Reached skill level 10 in Shields
   672 | D        | Noticed a warg
   686 | D        | Killed a warg
   686 | D        | Received a gift from Okawaru
   687 | D        | Reached XP level 8. HP: 42/71 MP: 8/8
   827 | D        | Noticed a spriggan
   837 | D        | Killed a spriggan
   838 | D        | Reached skill level 11 in Shields
  1061 | D        | Noticed a yak
  1061 | D        | Noticed a yak
  1061 | D        | Noticed a yak
  1061 | D        | Noticed a spriggan
  1071 | D        | Killed a yak
  1072 | D        | Reached skill level 10 in Fighting
  1098 | D        | Killed a yak
  1098 | D        | Reached **** piety under Okawaru
  1099 | D        | Reached XP level 9. HP: 75/78 MP: 9/9
  1114 | D        | Reached skill level 12 in Shields
  1121 | D        | Reached skill level 10 in Axes
  1234 | D        | Noticed a red devil
  1254 | D        | Killed a red devil
  1370 | D        | Noticed a blink frog
  1372 | D        | Noticed an orc sorcerer
  1372 | D        | Noticed a blink frog
  1372 | D        | Noticed a blink frog
  1373 | D        | Noticed a phantasmal warrior
  1373 | D        | Noticed a blink frog
  1374 | D        | Noticed a blink frog
  1379 | D        | Noticed an orange demon
  1382 | D        | Killed an orc sorcerer
  1382 | D        | Reached ***** piety under Okawaru
  1383 | D        | Reached skill level 13 in Shields
  1383 | D        | Killed a blink frog
  1384 | D        | Reached XP level 10. HP: 49/88 MP: 10/10
  1386 | D        | Killed a phantasmal warrior
  1392 | D        | Reached skill level 14 in Shields
  1765 | D        | Noticed an emperor scorpion
  1776 | D        | Noticed a deep troll
  1776 | D        | Killed an emperor scorpion
  1776 | D        | Received a gift from Okawaru
  1777 | D        | Reached skill level 15 in Shields
  1777 | D        | Reached XP level 11. HP: 55/96 MP: 11/11
  1782 | D        | Noticed a sea snake
  1807 | D        | Killed a deep troll
  1807 | D        | Reached ****** piety under Okawaru
  1807 | D        | Received a gift from Okawaru
  1807 | D        | Killed a sea snake
  1808 | D        | Reached skill level 1 in Stealth
  2112 | D        | Noticed a sea snake
  2119 | D        | Noticed a minotaur
  2134 | D        | Killed a minotaur
  2135 | D        | Reached skill level 15 in Axes
  2135 | D        | Reached skill level 16 in Shields
  2209 | D        | Killed a sea snake
  2410 | D        | Noticed a vampire knight
  2410 | D        | Noticed a wolf spider
  2415 | D        | Noticed an elephant
  2415 | D        | Noticed a deep elf pyromancer
  2426 | D        | Killed a wolf spider
  2431 | D        | Killed a vampire knight
  2432 | D        | Reached XP level 12. HP: 32/106 MP: 10/12
  2445 | D        | Received a gift from Okawaru
  2580 | D        | Reached skill level 17 in Shields
  2766 | D        | Noticed a two-headed ogre
  2776 | D        | Killed a two-headed ogre
  3423 | D        | Noticed an eidolon
  3461 | D        | Killed an eidolon
  3462 | D        | Reached skill level 18 in Shields
  3805 | D        | Noticed a merfolk aquamancer
  3822 | D        | Killed a merfolk aquamancer
  3823 | D        | Reached skill level 1 in Invocations
  3826 | D        | Reached skill level 15 in Fighting
  3826 | D        | Reached skill level 15 in Armour
  3857 | D        | Reached XP level 13. HP: 28/115 MP: 13/13
  4175 | D        | Noticed a balrug
  4175 | D        | Noticed a merfolk avatar
  4198 | D        | Killed a merfolk avatar
  4199 | D        | Reached skill level 19 in Shields
  4207 | D        | Killed a balrug
  4529 | D        | Noticed a yellow draconian stormcaller
  4539 | D        | Killed a yellow draconian stormcaller
  4552 | D        | Noticed Hoyluad the pandemonium lord
  4577 | D        | Killed Hoyluad the pandemonium lord
  4577 | D        | Received a gift from Okawaru
  4843 | D        | Noticed an orc warlord
  4859 | D        | Killed an orc warlord
  5239 | D        | Noticed a merfolk impaler
  5250 | D        | Reached skill level 20 in Shields
  5255 | D        | Killed a merfolk impaler
  5275 | D        | Received a gift from Okawaru
  5278 | D        | Noticed a spriggan air mage
  5281 | D        | HP: 4/119 [spriggan air mage/the air (8)]
  5282 | D        | Mangled by a merfolk

Illustrated notes

Levels and vault maps discovered:
D:        pitsprint [storerooms_1, entrance_room_1, metal_vault_4, armoury_2,
          mini_pit_1, grid_room_1, main_hall_1, silver_pit, the_coven_1,
          the_vestibule_1, steel_vault_4, golden_pit, hallway_of_sentries,
          crystal_vault_4, iron_vault_1, final_vault]

Skill      XL: |  1  2  3  4  5  6  7  8  9 10 11 12 13 |
---------------+----------------------------------------+-----
Fighting       | 6 7 8 9 10 11 12 13 15 16 | 16.9
Axes           | 3 4 5 7 9 11 13 15 17 19 | 19.5
Armour         | 6 8 9 10 11 12 13 14 15 16 | 16.0
Shields        | 6 8 9 10 11 13 15 16 18 20 | 20.1
Dodging        | 1 2 3 4 |  4.7
Stealth        | 3 |  3.5
Invocations    | 1 3 |  3.4
Throwing       | |  0.6

Action                   |  1- 3 |  4- 6 |  7- 9 | 10-12 | 13-15 || total
-------------------------+-------+-------+-------+-------+-------++-------
Melee: Hand axe          |     4 |    49 |   195 |       |       ||   248
       War axe           |     2 |       |       |       |       ||     2
       Broad axe         |       |       |    20 |   326 |   110 ||   456
       Battleaxe         |       |       |       |       |     2 ||     2
Throw: Dart              |       |       |       |     1 |       ||     1
Invok: Heroism           |       |       |       |     2 |     2 ||     4
       Finesse           |       |       |       |       |     1 ||     1
  Use: Potion            |       |     2 |     6 |    15 |     5 ||    28
 Stab: Invisible         |       |       |       |     3 |       ||     3
Armor: Scale mail        |     2 |     3 |       |       |       ||     5
       Chain mail        |       |     7 |    50 |       |       ||    57
       Plate armour      |       |       |    22 |   174 |    46 ||   242
Dodge: Dodged            |       |    17 |    50 |   133 |    27 ||   227
Block: Kite shield       |       |    25 |   133 |   304 |    67 ||   529

Table legend: (Time is in decaauts)
 A = Elapsed time spent in this place.
 B = Non-inter-level travel time spent in this place.
 C = Inter-level travel time spent in this place.
 D = Time resting spent in this place.
 E = Time spent auto-exploring this place.
 F = Levels seen in this place.
 G = Mean time per level.
                   A        B        C        D        E       F      G
               +--------+--------+--------+--------+--------+-----+--------+
         Total |   5178 |   5178 |      0 |   3413 |    222 |   1 | 5178.0 |
       Dungeon |   5178 |   5178 |      0 |   3413 |    222 |   1 | 5178.0 |
               +--------+--------+--------+--------+--------+-----+--------+

Top non-repeatable levels by time:
       D: 5178 daAuts
